 Dungeon Crawl Stone Soup version 0.23.1 (webtiles) character file.

Game seed: 10772419701485120043

93 Borgoz the Sneak (level 4, 0/35 HPs)
             Began as a Ghoul Enchanter on Mar 9, 2019.
             Slain by a crimson imp (1 damage)
             ... summoned by Natasha
             ... on level 3 of the Dungeon.
             The game lasted 00:06:26 (3398 turns).

Borgoz the Sneak (Ghoul Enchanter)                  Turns: 3398, Time: 00:06:27

Health: 0/35       AC:  2    Str:  8 (11) XL:     4   Next: 61%
Magic:  2/6        EV: 12    Int: 10      God:
Gold:   154        SH:  0    Dex:  9 (10) Spells: 4/7 levels left

rFire    . . .     SeeInvis .   a - +1 dagger
rCold    + . .     Gourm    .   (no shield)
rNeg     + + +     Faith    .   b - +0 robe
rPois    ∞         Spirit   .   (no helmet)
rElec    .         Reflect  .   (no cloak)
rCorr    .         Harm     .   (no gloves)
MR       .....                  (no boots)
Stlth    ++........             (no amulet)
HPRegen  0.00/turn              (no ring)
MPRegen  0.10/turn              (no ring)

@: rotting
A: rotting body, claws 1, carnivore, cold resistance 1, negative energy
resistance 3, inhibited regeneration, torment resistance, unbreathing
a: no special abilities


You were on level 3 of the Dungeon.
You were very hungry.

You visited 1 branch of the dungeon, and saw 3 of its levels.

You collected 154 gold pieces.

Inventory:

Hand Weapons
 a - a +1 dagger (weapon)
 l - a +1 short sword of distortion
Missiles
 m - 3 tomahawks (quivered)
 n - 17 poisoned needles
Armour
 b - a +0 robe (worn)
Scrolls
 c - a scroll of teleportation {unknown}
 e - 3 scrolls of identify {unknown}
 g - a scroll of amnesia {unknown}
 k - a scroll of fear {unknown}
Comestibles
 d - 7 rations
 f - 2 chunks of flesh


   Skills:
 + Level 1.1 Fighting
 * Level 1.7 Short Blades
 * Level 1.3 Armour
 * Level 2.5 Dodging
 + Level 3.6 Stealth
 + Level 2.1 Spellcasting
 + Level 2.6 Hexes


You had 4 spell levels left.
You knew the following spells:

 Your Spells              Type           Power        Failure   Level  Hunger
a - Corona                Hex            #......      11%         1    ##.....
b - Ensorcelled Hibernat  Hex/Ice        #.....       26%         2    ###....

Your spell library contained the following spells:

 Spells                   Type           Power        Failure   Level  Hunger
 Confuse                  Hex            #.......     32%         3    ####...
 Tukima's Dance           Hex            #.......     32%         3    ####...
 Dazzling Spray           Conj/Hex       #.....       47%         3    ####...


Dungeon Overview and Level Annotations

Branches:
Dungeon (3/15)

Altars:
Makhleb
Vehumet

Annotations:
D:3 1 runed translucent door, Frank's ghost, amateur OpFi; Natasha


Innate Abilities, Weirdness & Mutations

Your body is rotting away.
You thrive on raw meat.
You are immune to poison.
You have sharp fingernails.
You are carnivorous and can eat meat at any time.
Your flesh is cold resistant. (rC+)
You are immune to negative energy. (rN+++)
You do not regenerate when monsters are visible.
You are immune to unholy pain and torment.
You can survive without breathing.


Message History

You hit Natasha.
Natasha is severely wounded.
Natasha claws you! The crimson imp hits you.
You miss Natasha.
Natasha is severely wounded.
Natasha claws you.
You are feeling very hungry.
You hit Natasha.
Natasha is severely wounded.
The crimson imp hits you.
You closely miss Natasha.
Natasha is severely wounded.
Natasha closely misses you. The crimson imp closely misses you.
You closely miss Natasha.
Natasha is severely wounded.
Natasha casts a spell at you. The magic dart hits you!
* * * LOW HITPOINT WARNING * * *
The crimson imp hits you.
You die...

. #####....o.###..#####h#
.####...........##..g.h.g.#
....#.##.....#(.##..##.#.##
##.#..##.................#
..###......####.####.....#
##.#.#.##.o##.....##.....#
##.##.##..#.......#...###
#.##.##..#.......#...#
#.##.#......._@h......
#.##.#.#.#.....5.#..## .#
#........#.......# #.#
####.##..##.....## #.#
#o##..####.####.. #.#
#.###............# #.# #.#
############.# #.# #.#
#.####.######
#.##############.##.........


You could see Natasha and a crimson imp.

Vanquished Creatures
  2 adders
  3 oozes (D:3)
  2 worms (D:3)
  13 orcs (D:3)
  A ball python (D:1)
  3 goblins
  3 hobgoblins
  A quokka (D:3)
  5 bats
  A frilled lizard (D:1)
  5 kobolds
  4 rats
43 creatures vanquished.

Notes
Turn   | Place    | Note
-------+----------+-------------------------------------------
     0 | D:1      | Borgoz the Ghoul Enchanter began the quest for the Orb.
     0 | D:1      | Reached XP level 1. HP: 14/14 MP: 2/2
   135 | D:1      | Reached skill level 1 in Short Blades
   593 | D:1      | Reached XP level 2. HP: 15/20 MP: 3/3
  1287 | D:2      | Noticed a phantom
  1562 | D:3      | Found a burning altar of Makhleb.
  1566 | D:3      | Learned a level 2 spell: Ensorcelled Hibernation
  1847 | D:3      | Reached XP level 3. HP: 27/27 MP: 4/4
  2019 | D:3      | Found a runed translucent door.
  2019 | D:3      | Noticed Frank's ghost (amateur OpFi)
  2056 | D:3      | Reached skill level 1 in Armour
  2411 | D:3      | Reached XP level 4. HP: 22/34 MP: 1/6
  2681 | D:3      | Reached skill level 1 in Fighting
  3107 | D:3      | Found a radiant altar of Vehumet.
  3238 | D:3      | Noticed Natasha
  3398 | D:3      | HP: 1/35 [Natasha/magic dart (10)]
  3398 | D:3      | Slain by a crimson imp

Skill      XL: |  1  2  3  4 |
---------------+-------------+-----
Short Blades   | 1 |  1.7
Dodging        | 2 |  2.5
Armour         | 1 |  1.3
Spellcasting   | 2 |  2.1
Fighting       | 1 |  1.1
Stealth        | |  3.6
Hexes          | |  2.6

Action                   |  1- 3 |  4- 6 || total
-------------------------+-------+-------++-------
Melee: Dagger            |   136 |    75 ||   211
Throw: Tomahawk          |     1 |       ||     1
 Cast: Ensorcelled Hiber |    10 |    12 ||    22
  Use: Potion            |       |     6 ||     6
 Stab: Sleeping          |    10 |     6 ||    16
  Eat: Chunk             |     9 |     1 ||    10
Armor: Robe              |    14 |     9 ||    23
Dodge: Dodged            |    71 |    52 ||   123
